 Dungeon Crawl Stone Soup version 0.31.0-7-gf635a9b802 (webtiles) character file.

Game seed: 14673056635576661742

357 notrandom the Chopper (level 6, 0/57 HPs)
             Began as a Minotaur Fighter on Jan 23, 2024.
             Killed by nerve-wracking pain
             ... invoked by an orc priest
              (10 damage)
             ... on level 4 of the Dungeon.
             The game lasted 00:04:33 (3535 turns).

notrandom the Chopper (Minotaur Fighter)            Turns: 3535, Time: 00:04:34

Health: 0/57       AC:  8    Str: 23    XL:     6   Next: 36%
Magic:  5/5        EV:  9    Int:  5    God:
Gold:   151        SH:  4    Dex:  9    Spells: 5/5 levels left

rFire   . . .        a - +0 war axe
rCold   . . .        c - +0 buckler
rNeg    . . .        b - +0 scale mail
rPois   .            (helmet restricted)
rElec   .            (no cloak)
rCorr   .            (no gloves)
SInv    .            q - +0 pair of boots
Will    .....        (no amulet) Stlth
                     (no ring)
HPRegen 0.29/turn    (no ring)
MPRegen 0.09/turn

%: no passive effects
@: no status effects
A: horns 2, retaliatory headbutt
a: no special abilities


You were on level 4 of the Dungeon.
You visited 1 branch of the dungeon, and saw 4 of its levels.

You collected 151 gold pieces.

Inventory:

Hand Weapons
 a - a +0 war axe (weapon)
Missiles
 o - 2 curare-tipped darts (quivered)
Armour
 b - a +0 scale mail (worn)
 c - a +0 buckler (worn)
 q - a +0 pair of boots (worn)
Scrolls
 e - a scroll of fog {unknown}
 g - a scroll of silence {unknown}
 l - a scroll of vulnerability {unknown}
 m - a scroll of poison {unknown}
 r - 2 scrolls of identify
Potions
 d - a potion of might
 f - a potion of resistance {unknown}
 h - 3 potions of attraction
 i - a potion of invisibility {unknown}
 j - a potion of enlightenment {unknown}
 k - 3 potions of heal wounds {unknown}
 p - a potion of lignification {unknown}


   Skills:
 + Level 5.8 Fighting
 * Level 6.9 Axes
 - Level 3.6 Armour
 - Level 3.6 Shields


You had 5 spell levels left.
You didn't know any spells.
Your spell library contained the following spells:

 Spells                   Type           Power      Damage    Failure   Level
 Kiss of Death            Conj/Necr      0%         2d5       85%         1
 Sting                    Conj/Alch      0%         1d3       85%         1
 Mercury Vapours          Alch/Air       0%         N/A       94%         2
 Confusing Touch          Hex            0%         N/A       99%         3
 Dispel Undead            Necr           0%         3d6       100%        4
 Olgreb's Toxic Radiance  Alch           0%         N/A       100%        4
 Summon Blazeheart Golem  Fire/Summ      0%         N/A       100%        4
 Orb of Destruction       Conj           0%         9d5       100%        7
 Spellforged Servitor     Conj/Summ      0%         N/A       100%        7


Dungeon Overview and Level Annotations

Branches:
Dungeon (4/15)
 Temple: D:4-7

Altars:


Innate Abilities, Weirdness & Mutations

You have a pair of horns on your head.
You reflexively headbutt those who attack you in melee.


Message History

* * * LOW HITPOINT WARNING * * *
The orc barely misses you.
You hit the orc priest.
The orc priest is moderately wounded.
You hit the orc wizard. You hit the orc but do no damage.
The orc hits you but does no damage.
The orc wizard hits you with a +0 dagger.
* * * LOW HITPOINT WARNING * * *
The orc priest hits you but does no damage.
You hit the orc priest but do no damage.
You headbutt the orc priest, but do no damage.
The orc priest is moderately wounded.
You barely miss the orc wizard. You hit the orc. You block the orc's attack.
The orc wizard closely misses you. The orc priest hits you with a +0 club.
* * * LOW HITPOINT WARNING * * *
You hit the orc priest but do no damage.
Your headbutt misses the orc priest.
The orc priest is moderately wounded.
You slash the orc!
You kill the orc!
You closely miss the orc wizard. The orc wizard casts a spell at you.
You resist with some effort.
The orc priest mumbles some strange prayers to Beogh against you.
You barely resist.
The orc wizard hits you with a +0 dagger.
* * * LOW HITPOINT WARNING * * *
The orc priest hits you but does no damage.
You barely miss the orc priest.
The orc priest is moderately wounded.
You hit the orc wizard but do no damage.
The orc priest closely misses you. You furiously retaliate!
You headbutt the orc priest.
The orc wizard hits you but does no damage.
You hit the orc priest.
The orc priest is moderately wounded.
You closely miss the orc wizard. The orc wizard barely misses you.
The orc priest calls down the wrath of Beogh upon you.
Pain shoots through your body!
You die...

#...........#
........+...........#
........#...........#
........#......<....#
........#...........#
........#...........#
........#....##.....#
$.......#....##.....#
......)@'.....#.....#
......oo#.....#.....#
.......w#.....#.....#
........#.....#.....#
........#.....#.....#
........#.....#.....#
........#.....#.....#
........#.....#.....#
#.....#


You could see an orc priest, an orc wizard and a dart slug.

Vanquished Creatures
  A bullfrog (D:3)
  A bombardier beetle (D:3)
  4 orc priests
  6 adders
  2 dart slugs (D:3)
  4 ribbon worms
  7 orcs
  3 bats
  5 endoplasms
  9 giant cockroaches
  5 goblins
  2 hobgoblins
  7 kobolds
  5 quokkas
  4 ball pythons
  2 frilled lizards (D:2)
  A rat (D:1)
68 creatures vanquished.

Notes
Turn   | Place    | Note
-------+----------+-------------------------------------------
     0 | D:1      | notrandom the Minotaur Fighter began the quest for the Orb.
     0 | D:1      | Reached XP level 1. HP: 19/19 MP: 0/0
    59 | D:1      | Reached skill level 3 in Axes
   127 | D:1      | Reached XP level 2. HP: 27/27 MP: 1/1
   997 | D:2      | Reached XP level 3. HP: 31/33 MP: 2/2
  1340 | D:2      | Reached skill level 4 in Axes
  1911 | D:3      | Reached XP level 4. HP: 8/41 MP: 3/3
  2450 | D:3      | Reached skill level 5 in Axes
  2459 | D:3      | Noticed a bullfrog
  2465 | D:3      | Killed a bullfrog
  2466 | D:3      | Reached skill level 5 in Fighting
  2466 | D:3      | Reached XP level 5. HP: 38/48 MP: 4/4
  2538 | D:3      | Found a faded altar of an unknown god.
  2695 | D:3      | Reached skill level 6 in Axes
  3371 | D:4      | Reached XP level 6. HP: 39/56 MP: 5/5
  3535 | D:4      | Killed from afar by an orc priest

Illustrated notes

Levels and vault maps discovered:
D:1:      giann_horns, layout_basic, st_stairs_10, minmay_misc_feat_room
D:2:      layout_basic
D:3:      layout_basic, hellmonk_ecumenical_altar_run_dry
D:4:      layout_gridville, palyth_stone_intersect

Skill      XL: |  1  2  3  4  5 |
---------------+----------------+-----
Axes           | 3 4 5 6 |  6.9
Fighting       | 4 5 |  5.8
Armour         | |  3.6
Shields        | |  3.6

Action                     |  1- 3 |  4- 6 || total
---------------------------+-------+-------++-------
  Melee: War axe           |    69 |    79 ||   148
         Headbutt          |     7 |    10 ||    17
    Use: Scroll            |       |     1 ||     1
 Armour: Scale mail        |    50 |    73 ||   123
  Dodge: Dodged            |    31 |    39 ||    70
  Block: Buckler           |    15 |    24 ||    39
